 Dungeon Crawl Stone Soup version 0.22.1-2-g9c5b331 (webtiles) character file.

36348 Lilu the Severer (level 13, -3/122 HPs)
             Began as a Hill Orc Abyssal Knight on Nov 13, 2018.
             Was the Champion of Lugonu.
             Slain by a four-headed hydra (9 damage)
             ... on level 5 of the Lair of Beasts.
             The game lasted 01:28:44 (25837 turns).

Lilu the Severer (Hill Orc Abyssal Knight)         Turns: 25837, Time: 01:28:45

Health: -3/122     AC: 16    Str: 20    XL:     13   Next: 89%
Magic:  9/19       EV: 12    Int: 12    God:    Lugonu [******]
Gold:   963        SH:  0    Dex: 10    Spells: 9/16 levels left

rFire    x . .     SeeInvis .   p - +2 war axe (drain)
rCold    + . .     Gourm    .   (no shield)
rNeg     . . .     Faith    .   C - quicksilver dragon scales
rPois    +         Spirit   .   K - +0 hat
rElec    .         Reflect  .   f - +0 cloak
rCorr    .         Harm     .   (no gloves)
MR       +....                  R - +0 pair of boots {Fly}
Stlth    ..........             (no amulet)
HPRegen  0.30/turn              J - ring of ice
MPRegen  0.16/turn              j - ring of poison resistance

@: flying
A: no striking features
a: Depart the Abyss, Bend Space, Banish, Corrupt, Enter the Abyss, Brand Weapon
With Distortion, Renounce Religion, Stop Flying


You were on level 5 of the Lair of Beasts.
You worshipped Lugonu.
Lugonu was exalted by your worship.
You were very hungry.

You visited 2 branches of the dungeon, and saw 17 of its levels.
You visited the Abyss 2 times.

You collected 963 gold pieces.

Inventory:

Hand Weapons
 g - a +0 dagger of flaming
 p - a +2 war axe of draining (weapon)
 D - a +2 antimagic spear
 N - a +1 mace of protection
 W - a +3 war axe
Missiles
 r - 88 bolts
 B - 220 arrows
 U - 4 tomahawks of returning (quivered)
Armour
 a - a +0 chain mail of cold resistance
 f - a +0 cloak (worn)
 C - quicksilver dragon scales (worn)
 K - a +0 hat (worn)
 R - a +0 pair of boots of flying (worn)
 Z - a +0 scale mail of positive energy
Jewellery
 j - a ring of poison resistance (right hand)
 x - an uncursed ring of protection from fire
 J - a ring of ice (left hand)
Wands
 s - a wand of clouds (13)
 O - a wand of disintegration (7)
 P - a wand of iceblast (7)
Scrolls
 b - a scroll of torment {unknown}
 e - 2 scrolls of identify
 l - 5 scrolls of teleportation
 m - a scroll of silence {unknown}
 q - 2 scrolls of magic mapping {unknown}
 t - a scroll of summoning {unknown}
 u - a scroll of random uselessness {unknown}
 v - 2 scrolls of amnesia {unknown}
 y - 3 scrolls of fear {unknown}
 A - 3 scrolls of enchant weapon
 G - 7 scrolls of remove curse
 M - 2 scrolls of blinking {unknown}
 Q - a scroll of fog {unknown}
 T - a scroll of immolation {unknown}
 X - 5 scrolls of enchant armour {unknown}
Potions
 d - 2 potions of agility {unknown}
 h - 4 potions of curing
 i - a potion of haste
 k - 2 potions of brilliance
 n - 2 potions of cancellation
 o - 4 potions of might
 z - a potion of ambrosia {unknown}
 E - 2 potions of degeneration {unknown}
 F - 2 potions of magic {unknown}
 H - 3 potions of heal wounds
 I - a potion of berserk rage {unknown}
 L - a potion of flight {unknown}
 S - 2 potions of lignification {unknown}
 V - a potion of mutation {unknown}
 Y - a potion of resistance {unknown}
Comestibles
 c - 17 rations


   Skills:
 + Level 13.0 Fighting
 - Level 16.0 Axes
 - Level 12.0 Armour
 - Level 4.0 Dodging
 - Level 2.0 Spellcasting
 - Level 8.0 Charms
 * Level 3.8 Necromancy
 + Level 0.5 Translocations
 - Level 8.0 Invocations


You had 9 spell levels left.
You knew the following spells:

 Your Spells              Type           Power        Failure   Level  Hunger
a - Song of Slaying       Chrm           ###.....     2%          2    ###....
b - Shroud of Golubria    Chrm/Tloc      ##........   11%         2    ###....
c - Regeneration          Chrm/Necr      ###.......   11%         3    ####...

Your spell library contained the following spells:

 Spells                   Type           Power        Failure   Level  Hunger
 Infusion                 Chrm           ###.         1%          1    ##.....
 Spectral Weapon          Hex/Chrm       ##......     22%         3    ####...
 Confusing Touch          Hex            #.....       36%         1    ##.....
 Corona                   Hex            #......      36%         1    ##.....
 Ensorcelled Hibernation  Hex/Ice        #.....       52%         2    ###....
 Gell's Gravitas          Tloc           #.........   67%         3    ####...
 Confuse                  Hex            #.......     75%         3    ####...
 Dazzling Spray           Conj/Hex       #.....       75%         3    ####...
 Tukima's Dance           Hex            #.......     75%         3    ####...
 Petrify                  Tmut/Erth      #.......     98%         4    #####..
 Metabolic Englaciation   Hex/Ice        #.........   100%        5    ######.
 Yara's Violent Unravell  Hex/Tmut       #.........   100%        5    ######.


Dungeon Overview and Level Annotations

Branches:
Dungeon (11/15)            Temple (0/1) D:5            Lair (6/6) D:9
 Shoals (0/4) Lair:3       Spider (0/4) Lair:2        Slime (0/5) Lair:5
    Orc: D:9-12

Altars:
Ashenzari
Elyvilon
Gozag
Makhleb
Nemelex Xobeh
Okawaru
Qazlal
Ru
Uskayaw
Yredelemnul
Zin

Annotations:
D:7 3 runed doors, exclusion: 3 doors, bmj180's ghost, journeyman TrFi


Message History

* * * LOW HITPOINT WARNING * * *
The hippogriff pecks you but does no damage.
The hippogriff closely misses you.
The catoblepas breathes a plume of calcifying dust at you.
The blast of calcifying dust hits you!
* * * LOW HITPOINT WARNING * * *
The hippogriff bites you.
* * * LOW HITPOINT WARNING * * *
The hippogriff pecks you but does no damage.
The hippogriff claws you.
* * * LOW HITPOINT WARNING * * *
You fly upwards.
The four-headed hydra bites you but does no damage. x2
The four-headed hydra bites you!
* * * LOW HITPOINT WARNING * * *
The four-headed hydra bites you.
* * * LOW HITPOINT WARNING * * *
The four-headed hydra barely misses you.
The four-headed hydra bites you!
You die...

#......<..................
#.....................<...
#...............#.........
##............###.#.#.....
##........................
#.........................
#......##.###.#..P.....#..
#.........#.##..#....##.#.
#........@D...............
#.......H.................
##.......#....####..P...#.
#...#.PP.#....#..........
#........................
###........................
#.....#.#.###P...#.#.#.#...
#.....######....###.##.#...
###...#######...#######....


You could see a four-headed hydra and a hippogriff.

Vanquished Creatures
  Gastronok (Lair:1)
  4 hydras
  2 two-headed ogres
  2 death yaks (D:9)
  A merfolk siren (Lair:3)
  3 elephants (Lair:3)
  Joseph (D:7)
  4 black mambas
  10 spiny frogs
  A rime drake (Lair:4)
  8 komodo dragons
  A troll (D:9)
  4 jumping spiders (Lair:2)
  3 polar bears
  Prince Ribbit (D:5)
  Grinder (D:4)
  13 blink frogs
  3 slime creatures (Lair:5)
  6 dream sheep
  5 hippogriffs
  Sigmund (D:4)
  2 redbacks (Lair:2)
  30 yaks
  2 wyverns
  2 basilisks
  13 water moccasins
  2 orc warriors
  8 porcupines
  2 ice beasts
  3 sky beasts
  A black bear (D:6)
  5 ogres
  A phantom (D:8)
  13 wolves
  4 centaurs
  12 crocodiles
  4 big kobolds
  Blork the orc (D:4)
  9 bullfrogs
  6 scorpions
  3 killer bees (D:7)
  3 howler monkeys (D:7)
  5 wights
  4 crimson imps
  2 quasits
  7 hounds
  5 jellies
  2 centaur skeletons (D:7)
  6 orc priests
  4 bullfrog skeletons
  7 orc wizards
  Jessica (D:2)
  7 iguanas
  Natasha (D:2)
  7 worker ants
  A hound zombie (D:8)
  2 hound skeletons
  A worker ant zombie (D:8)
  6 gnolls
  11 adders
  3 shadow imps
  9 oozes
  3 adder skeletons
  3 worms
  4 dart slugs (D:1)
  8 leopard geckos
  27 orcs
  A ball python (D:2)
  4 giant cockroaches
  14 goblins
  9 hobgoblins
  5 jackals
  56 kobolds
  6 quokkas
  6 bats
  9 frilled lizards
  A leopard gecko skeleton (D:7)
  A quokka zombie (D:5)
  10 rats
  6 plants
465 creatures vanquished.

Vanquished Creatures (others)
  A quokka (D:7)
  A quokka zombie (D:5)
  A bush (Lair:6)
  20 fungi
  16 plants
39 creatures vanquished.

Grand Total: 504 creatures vanquished

Notes
Turn   | Place    | Note
-------+----------+-------------------------------------------
     0 | Abyss:1  | Lilu the Hill Orc Abyssal Knight began the quest for the
                  | Orb.
     0 | Abyss:1  | Reached XP level 1. HP: 19/19 MP: 2/2
    53 | D:1      | Escaped the Abyss
   106 | D:1      | Reached XP level 2. HP: 22/27 MP: 4/4
   108 | D:1      | Reached skill level 3 in Axes
   543 | D:1      | Reached XP level 3. HP: 22/33 MP: 5/5
   691 | D:1      | Reached ** piety under Lugonu
  1130 | D:1      | Reached XP level 4. HP: 23/40 MP: 6/6
  1339 | D:2      | Noticed Jessica
  1361 | D:2      | Killed Jessica
  1373 | D:2      | Reached skill level 4 in Axes
  1390 | D:2      | Reached XP level 5. HP: 39/47 MP: 7/7
  1459 | D:2      | Noticed Natasha
  1519 | D:2      | Killed Natasha
  2551 | D:3      | Reached *** piety under Lugonu
  2854 | D:3      | Reached skill level 5 in Fighting
  2868 | D:3      | Found a shattered altar of Ashenzari.
  2935 | D:3      | Reached XP level 6. HP: 53/56 MP: 9/9
  3469 | D:3      | Found a glowing silver altar of Zin.
  3500 | D:3      | Reached skill level 5 in Axes
  3685 | D:3      | Found a burning altar of Makhleb.
  3696 | D:3      | Found a sparkling altar of Nemelex Xobeh.
  3711 | D:3      | Found a basalt altar of Yredelemnul.
  4078 | D:4      | Noticed Sigmund
  4099 | D:4      | Killed Sigmund
  4099 | D:4      | Reached XP level 7. HP: 55/62 MP: 10/10
  4284 | D:4      | Noticed Grinder
  4290 | D:4      | Paralysed by Grinder for 2 turns
  4297 | D:4      | Killed Grinder
  4297 | D:4      | Reached skill level 6 in Axes
  4297 | D:4      | Reached skill level 5 in Armour
  4796 | D:4      | Noticed Blork the orc
  4804 | D:4      | Killed Blork the orc
  4804 | D:4      | Reached XP level 8. HP: 65/71 MP: 11/11
  4952 | D:4      | Reached **** piety under Lugonu
  4958 | D:4      | Reached skill level 7 in Axes
  5321 | D:4      | Reached ***** piety under Lugonu
  5804 | D:5      | Entered Level 5 of the Dungeon
  5857 | D:5      | Noticed Prince Ribbit
  5867 | D:5      | You fall through a shaft for 3 floors!
  5875 | D:8      | Escaped the Abyss
  5901 | D:8      | Reached skill level 8 in Axes
  6060 | D:8      | Noticed a hand axe
  6060 | D:8      | Noticed a dagger
  6183 | D:8      | Found a hide-covered altar of Uskayaw.
  6261 | D:8      | Noticed a two-headed ogre
  6296 | D:8      | Found a stormy altar of Qazlal.
  6309 | D:9      | Noticed a death yak
  6309 | D:9      | Noticed a death yak
  6314 | D:9      | Noticed a yak
  6351 | D:7      | Reached XP level 9. HP: 38/81 MP: 12/12
  6354 | D:7      | Reached skill level 9 in Axes
  6403 | D:7      | Noticed Joseph
  7679 | D:6      | Reached skill level 10 in Axes
  7994 | D:5      | Found a staircase to the Ecumenical Temple.
  8091 | D:5      | Killed Prince Ribbit
  8184 | D:6      | Reached skill level 11 in Axes
  8252 | D:6      | Learned a level 2 spell: Song of Slaying
  8255 | D:6      | Learned a level 2 spell: Shroud of Golubria
  8259 | D:6      | Learned a level 3 spell: Regeneration
  8392 | D:6      | Noticed a two-headed ogre
  9261 | D:7      | Reached skill level 5 in Invocations
  9275 | D:7      | Killed Joseph
  9296 | D:7      | Found a white marble altar of Elyvilon.
  9341 | D:7      | Reached XP level 10. HP: 26/90 MP: 14/14
 10180 | D:7      | Found a runed gate.
 10183 | D:7      | Found a runed gate.
 10183 | D:7      | Found a runed gate.
 10183 | D:7      | Noticed bmj180's ghost (journeyman TrFi)
 10186 | D:7      | Found an opulent altar of Gozag.
 10542 | D:7      | Killed a two-headed ogre
 10542 | D:7      | Reached skill level 12 in Axes
 11116 | D:8      | Reached skill level 10 in Fighting
 11543 | D:6      | Killed a two-headed ogre
 11889 | D:8      | Reached skill level 13 in Axes
 12068 | D:9      | Found a staircase to the Lair.
 12092 | D:10     | Entered Level 10 of the Dungeon
 12229 | D:10     | Reached XP level 11. HP: 101/101 MP: 17/17
 12519 | D:9      | Found an iron altar of Okawaru.
 12635 | D:9      | Noticed a death yak
 12979 | D:9      | Reached skill level 1 in Charms
 13210 | D:9      | Found a sacrificial altar of Ru.
 13352 | D:9      | Killed a death yak
 13694 | D:9      | Killed a death yak
 14235 | Lair:1   | Entered Level 1 of the Lair of Beasts
 14368 | Lair:1   | Noticed Gastronok
 14444 | Lair:1   | Killed Gastronok
 14444 | Lair:1   | Reached skill level 14 in Axes
 14517 | Lair:1   | Reached skill level 1 in Dodging
 14698 | Lair:1   | Reached XP level 12. HP: 50/112 MP: 18/18
 15811 | Lair:2   | Found a hole to the Spider Nest.
 16728 | Lair:3   | Reached skill level 15 in Axes
 16903 | Lair:3   | Reached skill level 5 in Charms
 17140 | Lair:3   | You are sucked into a shaft for 3 floors!
 17140 | Lair:6   | Entered Level 6 of the Lair of Beasts
 17676 | Lair:5   | Reached skill level 10 in Armour
 17741 | Lair:5   | Noticed a four-headed hydra
 17868 | Lair:5   | Noticed a four-headed hydra
 18328 | Lair:4   | Reached skill level 16 in Axes
 18501 | Lair:5   | Reached XP level 13. HP: 115/118 MP: 19/19
 19166 | Lair:3   | Found a staircase to the Shoals.
 22169 | Lair:4   | Reached skill level 1 in Necromancy
 24216 | Lair:5   | Found a staircase to the Slime Pits.
 25020 | Lair:5   | Reached ****** piety under Lugonu
 25837 | Lair:5   | HP: 6/122 [four-headed hydra (4)]
 25837 | Lair:5   | Slain by a four-headed hydra

Skill      XL: |  1  2  3  4  5  6  7  8  9 10 11 12 13 |
---------------+----------------------------------------+-----
Axes           | 3 4 5 6 8 11 13 14 16 | 16.0
Fighting       | 4 5 6 8 10 12 13 | 13.0
Invocations    | 3 4 5 8 |  8.0
Armour         | 3 4 5 7 8 10 12 | 12.0
Charms         | 4 6 8 |  8.0
Spellcasting   | 2 |  2.0
Dodging        | 2 4 |  4.0
Necromancy     | 3 |  3.8
Translocations | |  0.5

Action                   |  1- 3 |  4- 6 |  7- 9 | 10-12 | 13-15 || total
-------------------------+-------+-------+-------+-------+-------++-------
Melee: Hand axe          |   103 |   215 |       |       |       ||   318
       War axe           |       |    19 |   483 |   796 |   317 ||  1615
       Spear             |       |       |       |     8 |    35 ||    43
       Mace              |       |       |       |       |    96 ||    96
       Dagger            |       |       |       |       |    20 ||    20
 Fire: Shortbow          |       |       |       |     1 |       ||     1
 Cast: Song of Slaying   |       |       |       |     2 |     2 ||     4
       Shroud of Golubri |       |       |       |     8 |    34 ||    42
       Regeneration      |       |       |       |       |    15 ||    15
Invok: Depart the Abyss  |       |       |     1 |       |       ||     1
       Enter the Abyss   |       |       |     1 |       |       ||     1
       Bend Space        |       |       |     3 |     5 |    11 ||    19
 Abil: Stop Flying       |       |       |       |     1 |       ||     1
       Evoke Flight      |       |       |       |     1 |       ||     1
  Use: Scroll            |       |       |     6 |     5 |       ||    11
       Potion            |       |       |     1 |     2 |       ||     3
  Eat: Chunk             |       |    10 |    18 |    25 |    10 ||    63
       Ration            |       |       |       |     2 |     5 ||     7
Armor: Ring mail         |    33 |       |       |       |       ||    33
       Scale mail        |    15 |   106 |       |       |       ||   121
       Quicksilver drago |       |     8 |   353 |   348 |   454 ||  1163
Dodge: Dodged            |    69 |    92 |   310 |   405 |   436 ||  1312
